 Dungeon Crawl Stone Soup version 0.28-a0-983-g1de4e0787c (webtiles) character file.

Game seed: 16487282290008068406

15180 oldriver the Thaumaturge (level 11, -4/73 HPs)
             Began as a Black Draconian Conjurer on Dec 3, 2021.
             Was a Priest of Vehumet.
             Slain by a black mamba (6 damage)
             ... on level 2 of the Lair of Beasts.
             The game lasted 00:27:55 (19304 turns).

oldriver the Thaumaturge (DrCj)                    Turns: 19304, Time: 00:27:59

Health: -4/73      AC: 11    Str: 10    XL:     11   Next: 98%
Magic:  5/28       EV: 16    Int: 23    God:    Vehumet [***...]
Gold:   816        SH:  0    Dex:  9    Spells: 19/37 levels left

rFire   . . .      SeeInvis .   F - staff of poison
rCold   . . .      Faith    .   (no shield)
rNeg    . . .      Spirit   .   (armour unavailable)
rPois   +          Reflect  .   (helmet restricted)
rElec   +          Harm     .   C - +0 cloak
rCorr   .          Rampage  .   (no gloves)
Will    +....                   i - +2 pair of boots
Stlth   ++........              l - amulet of regeneration
HPRegen 1.02/turn               g - ring of willpower
MPRegen 0.21/turn               d - +4 ring of evasion

@: marked
A: breathe lightning, AC +7, unfitting armour, electricity resistance,
cold-blooded, frail 1, screaming 1
a: Breathe Lightning, Renounce Religion


You were on level 2 of the Lair of Beasts.
You worshipped Vehumet.
Vehumet was most pleased with you.
You visited 3 branches of the dungeon, and saw 14 of its levels.
You also visited: Ice Cave.

You collected 816 gold pieces.

Inventory:

Hand Weapons
 p - a +6 whip of electrocution
Armour
 i - a +2 pair of boots (worn)
 C - a +0 cloak (worn)
Magical Staves
 F - a staff of poison (weapon)
Jewellery
 d - a +4 ring of evasion (right hand)
 g - a ring of willpower (left hand)
 l - an amulet of regeneration (around neck)
 w - a ring of flight
 x - an amulet of the acrobat
Wands
 j - a wand of iceblast (12)
 m - a wand of charming (12)
 r - a wand of mindburst (11)
 t - a wand of paralysis (5)
 H - a wand of polymorph (4)
Scrolls
 a - 3 scrolls of enchant armour
 b - 2 scrolls of immolation
 c - 3 scrolls of summoning
 e - 2 scrolls of fog
 n - a scroll of magic mapping
 q - a scroll of blinking
 v - 2 scrolls of teleportation
 y - a scroll of enchant weapon
 A - 4 scrolls of holy word
 E - 2 scrolls of identify
Potions
 f - 2 potions of heal wounds
 h - a potion of cancellation
 k - 2 potions of magic
 o - 2 potions of flight
 s - 5 potions of curing
 u - a potion of ambrosia
 z - a potion of attraction
 B - 3 potions of degeneration {unknown}
 D - a potion of berserk rage {unknown}
 G - a potion of brilliance {unknown}


   Skills:
 + Level 3.3 Fighting
 + Level 1.0 Short Blades
 + Level 1.3 Maces & Flails
 + Level 4.0 Dodging
 + Level 4.1 Stealth
 * Level 13.6 Spellcasting
 + Level 9.7 Conjurations
 + Level 5.0 Translocations
 * Level 2.3 Air Magic
 + Level 2.4 Earth Magic


You had 19 spell levels left.
You knew the following spells:

 Your Spells              Type           Power      Damage    Failure   Level
a - Magic Dart            Conj           100%       1d8       1%          1
b - Searing Ray           Conj           100%       2d8       1%          2
c - Iskenderun's Mystic   Conj/Tloc      49%        2d11      1%          4
d - Sticky Flame          Conj/Fire      38%        2d6       1%          4
e - Stone Arrow           Conj/Erth      86%        3d12      1%          3
f - Airstrike             Air            13%        N/A       4%          4

Your spell library contained the following spells:

 Spells                   Type           Power      Damage    Failure   Level
 Sandblast                Erth           54%        2d13      1%          1
 Scorch                   Fire           30%        2d6       1%          2
 Conjure Flame            Conj/Fire      38%        6-21      1%          3
 Dazzling Flash           Conj/Hex       76%        N/A       1%          3
 Flame Wave               Conj/Fire      38%        2d7       1%          4
 Fulminant Prism          Conj/Hex       19%        3d11      1%          4
 Passwall                 Tmut/Erth      17%        N/A       3%          2
 Ignite Poison            Fire/Tmut/Pois 23%        N/A       3%          3
 Summon Cactus Giant      Summ           7%         N/A       99%         6


Dungeon Overview and Level Annotations

Branches:
Dungeon (11/15)            Temple (1/1) D:4            Lair (2/6) D:11
    Orc (0/2) D:10          IceCv (visited)
  Swamp: Lair:2-4    Shoals: Lair:2-4     Snake: Lair:2-4    Spider: Lair:2-4

Altars:
Ashenzari
Cheibriados
Dithmenos
Elyvilon
Fedhas
Gozag
Hepliaklqana
Kikubaaqudgha
Makhleb
Nemelex Xobeh
Okawaru
Qazlal
Ru
Sif Muna
Trog
Uskayaw
Vehumet
Wu Jian
Xom
Yredelemnul
Zin
The Shining One

Annotations:
D:3 1 runed translucent door, mainiacjoe's ghost, amateur DjFE


Innate Abilities, Weirdness & Mutations

You can breathe wild blasts of lightning.
Your glossy black scales are hard. (AC +7)
You cannot fit into any form of body armour.
You are resistant to electric shocks. (rElec)
You are cold-blooded and may be slowed by cold attacks.
You are frail. (-10% HP)
You occasionally shout uncontrollably at your foes.


Message History

Press: ? - help, Shift-Dir - straight line, f - water moccasin
Aim: a water moccasin (moderately wounded, 60% to hit)
The stone arrow hits the water moccasin!
The water moccasin is almost dead.
The blink frog hits you!
The blink frog blinks!
Unknown command.
Casting: Stone Arrow (safe; 1% risk of failure)
Confirm with . or Enter, or press ? or * to list all spells.
You erupt in a blast of force!
The mystic blast hits the water moccasin!
The water moccasin is heavily wounded.
The water moccasin is knocked back by the mystic blast.
The mystic blast hits the water moccasin.
You kill the water moccasin!
Vehumet accepts your kill.
You feel your power returning.
The mystic blast hits the blink frog!
The blink frog is severely wounded.
The blink frog is knocked back by the mystic blast.
A black mamba comes into view.
The blink frog blinks! x3
The blink frog blinks!
The black mamba barely misses you.
The blink frog blinks!
The black mamba closely misses you.
The blink frog blinks!
The black mamba misses you.
The blink frog blinks!
The black mamba bites you but does no damage.
The blink frog blinks!
The black mamba barely misses you. The black mamba bites you!
The blink frog blinks! x2
The black mamba misses you. The black mamba bites you! The blink frog hits you!
A black mamba comes into view.
The blink frog misses you. The black mamba bites you!
* * * LOW HITPOINT WARNING * * *
The black mamba barely misses you. The blink frog closely misses you.
The blink frog hits you!
* * * LOW HITPOINT WARNING * * *
The blink frog hits you but does no damage.
The blink frog hits you.
* * * LOW HITPOINT WARNING * * *
The blink frog blinks!
The black mamba bites you.
You die...

##..#.[.......#P....##
#...##.##.#.####.....#
##.........####P..)..#
#####...#P.............## #
#.#.P..................###
.##P#.#.....................P#
........#..P...<..#.###.....##
........#..##.....####.....##
.###<...†..###.F@...##P...##
#......#..##.FS§........#
#........##S..SS..####.##
#...............F## ###
...........P.##.S..#
............######.##
...............##...#
..............FS..##
......†S####.#


You could see 4 black mambas, 3 blink frogs and a water moccasin.

Vanquished Creatures
  Erolcha (D:9)
  2 two-headed ogres (D:10)
  Urug (D:11)
  Pikel (D:4)
  An ugly thing (D:11)
  Maurice (D:11)
  Joseph (D:8)
  4 cane toads
  Maggie (D:8)
  A rime drake (IceCv)
  An unseen horror (D:10)
  Psyche (D:8)
  2 komodo dragons (Lair:1)
  A blink frog (Lair:2)
  2 shadows (D:11)
  A vampire (D:10)
  14 yaks
  Grum (D:11)
  4 vampire mosquitoes (D:11)
  Menkaure (D:7)
  3 wargs (D:10)
  Duvessa (D:5)
  4 water moccasins
  6 orc warriors
  2 necrophages
  2 black bears
  3 ogres
  4 centaurs
  6 wolves
  4 lemures (D:4)
  2 kobold brigands
  4 bullfrogs
  A wyvern zombie (D:6)
  A scorpion (D:5)
  2 water moccasin skeletons
  Dowan (D:5)
  5 killer bees (D:10)
  A lindwurm simulacrum (IceCv)
  2 centaur zombies
  7 howler monkeys
  A bullfrog zombie (D:6)
  3 komodo dragon simulacra (IceCv)
  5 orc priests
  3 hounds
  3 jellies
  A gnoll shaman (D:5)
  A bullfrog skeleton (D:7)
  An iguana (D:6)
  5 orc wizards
  5 hell rats (Lair:1)
  2 killer bee zombies
  3 hound skeletons (D:5)
  2 howler monkey zombies (D:9)
  A gnoll (D:1)
  10 adders
  An acid dragon simulacrum (IceCv)
  3 white imps
  An ufetubus (D:6)
  A steam dragon simulacrum (IceCv)
  An adder skeleton (D:4)
  2 worms
  4 dart slugs
  42 orcs
  7 endoplasms
  A giant cockroach (D:1)
  7 goblins
  7 hobgoblins
  2 quokkas (D:2)
  3 ball pythons
  11 bats
  4 frilled lizards
  15 kobolds
  4 rats
265 creatures vanquished.

Vanquished Creatures (others)
  2 fungi
  2 plants (Lair:2)
4 creatures vanquished.

Grand Total: 269 creatures vanquished

Notes
Turn   | Place    | Note
-------+----------+-------------------------------------------
     0 | D:1      | oldriver the Draconian Conjurer began the quest for the
                  | Orb.
     0 | D:1      | Reached XP level 1. HP: 14/14 MP: 3/3
   338 | D:1      | Found a faded altar of an unknown god.
   524 | D:1      | Reached XP level 2. HP: 20/20 MP: 2/5
  1097 | D:1      | Reached skill level 3 in Spellcasting
  1387 | D:2      | Reached XP level 3. HP: 23/26 MP: 1/7
  2775 | D:3      | Reached XP level 4. HP: 34/34 MP: 1/9
  2880 | D:3      | Reached skill level 4 in Spellcasting
  3705 | D:3      | Found a runed translucent door.
  3705 | D:3      | Noticed mainiacjoe's ghost (amateur DjFE)
  4248 | D:4      | Found a white marble altar of Elyvilon.
  4435 | D:4      | Reached XP level 5. HP: 35/39 MP: 4/12
  4479 | D:4      | Reached skill level 5 in Spellcasting
  4690 | D:4      | Learned a level 2 spell: Searing Ray
  4695 | D:4      | Learned a level 4 spell: Iskenderun's Mystic Blast
  5061 | D:4      | Found a staircase to the Ecumenical Temple.
  5061 | D:4      | Noticed a lemure
  5064 | D:4      | Noticed Pikel
  5066 | D:4      | Noticed a lemure
  5075 | D:4      | Reached XP level 6. HP: 46/46 MP: 7/14
  5847 | D:5      | Entered Level 5 of the Dungeon
  5925 | D:5      | Reached skill level 1 in Short Blades
  6007 | D:5      | Reached skill level 1 in Fighting
  6009 | D:5      | Noticed Dowan
  6227 | D:4      | Gained mutation: You occasionally shout uncontrollably at
                  | your foes. [potion of mutation]
  6227 | D:4      | Gained mutation: You are frail. (-10% HP) [potion of
                  | mutation]
  6232 | D:4      | Killed Pikel
  6233 | D:4      | Reached skill level 7 in Spellcasting
  6233 | D:4      | Reached skill level 5 in Conjurations
  6233 | D:4      | Your scales start taking on a glossy black colour.
  6233 | D:4      | Reached XP level 7. HP: 30/46 MP: 2/17
  6233 | D:4      | Gained mutation: You are resistant to electric shocks.
                  | (rElec) [Black Draconian growth]
  6469 | Temple   | Entered the Ecumenical Temple
  6495 | Temple   | Became a worshipper of Vehumet
  6848 | D:5      | Reached XP level 8. HP: 43/53 MP: 7/19
  6953 | D:5      | Noticed Duvessa
  6997 | D:5      | Killed Duvessa
  7241 | D:5      | Identified the +5 ring mail of the Butterfly {Rampage rPois
                  | rC- Stlth+}
  7517 | D:5      | Reached skill level 1 in Translocations
  7792 | D:5      | Killed Dowan
  8020 | D:5      | Reached skill level 8 in Spellcasting
  8681 | D:6      | Reached * piety under Vehumet
  8681 | D:6      | Offered knowledge of Sandblast by Vehumet.
  9309 | D:6      | Reached skill level 9 in Spellcasting
  9309 | D:6      | Reached XP level 9. HP: 60/60 MP: 9/22
  9723 | D:6      | HP: 1/61 [orc warrior (9)]
 10640 | D:7      | Noticed Menkaure
 10645 | D:7      | Killed Menkaure
 11044 | D:8      | Noticed Psyche
 11053 | D:8      | Killed Psyche
 11171 | D:8      | Found a glowing golden altar of the Shining One.
 11171 | D:8      | Found an ancient bone altar of Kikubaaqudgha.
 11209 | D:8      | Noticed Joseph
 11541 | D:8      | Reached skill level 10 in Spellcasting
 11698 | D:8      | Killed Joseph
 11895 | D:8      | Reached ** piety under Vehumet
 11895 | D:8      | Offered knowledge of Shock by Vehumet.
 12243 | D:8      | Noticed Maggie
 12256 | D:8      | Killed Maggie
 12257 | D:8      | Reached XP level 10. HP: 64/66 MP: 9/24
 13094 | D:9      | Noticed Erolcha
 13105 | D:9      | Killed Erolcha
 13106 | D:9      | Reached skill level 11 in Spellcasting
 13771 | D:9      | Found a shimmering blue altar of Sif Muna.
 14079 | D:9      | Reached skill level 1 in Maces & Flails
 14273 | D:9      | Learned a level 4 spell: Sticky Flame
 14307 | D:10     | Entered Level 10 of the Dungeon
 14310 | D:10     | Noticed a two-headed ogre
 14317 | D:10     | Killed a two-headed ogre
 14318 | D:10     | Reached skill level 12 in Spellcasting
 14327 | D:10     | Learned a level 3 spell: Stone Arrow
 14864 | D:10     | Reached XP level 11. HP: 69/73 MP: 21/27
 14988 | D:10     | Found a staircase to the Orcish Mines.
 15114 | D:10     | Noticed a two-headed ogre
 15128 | D:10     | Killed a two-headed ogre
 15247 | D:10     | Offered knowledge of Inner Flame by Vehumet.
 15706 | D:11     | Noticed Grum
 15735 | D:11     | Killed Grum
 15887 | D:11     | Found a frozen archway.
 15896 | IceCv    | Entered an ice cave
 15998 | IceCv    | Reached *** piety under Vehumet
 16424 | D:11     | Noticed Urug
 16436 | D:11     | Killed Urug
 16604 | D:11     | Noticed Maurice
 16772 | D:11     | Killed Maurice
 16905 | D:11     | Reached skill level 1 in Earth Magic
 17056 | D:11     | Found a staircase to the Lair.
 17159 | D:11     | Noticed a white ugly thing
 17169 | D:11     | Reached skill level 13 in Spellcasting
 17361 | D:11     | Killed a white ugly thing
 17691 | Lair:1   | Entered Level 1 of the Lair of Beasts
 17701 | Lair:1   | Offered knowledge of Airstrike by Vehumet.
 17830 | D:11     | Learned a level 4 spell: Airstrike
 18292 | Lair:1   | Noticed a five-headed hydra
 18317 | Lair:1   | Reached skill level 1 in Air Magic
 18819 | Lair:1   | Reached skill level 5 in Translocations
 19304 | Lair:2   | HP: 2/73 [blink frog (5)]
 19304 | Lair:2   | Slain by a black mamba

Illustrated notes

Levels and vault maps discovered:
D:1:      wander_arrival_estate, layout_basic, basic_ecumenical_altar
D:2:      layout_loops_corners, serial_rivers, chequers_serial_rivers_micro_e,
          chequers_serial_rivers_large_b, chequers_serial_rivers_micro_b,
          chequers_serial_rivers_small_3, chequers_serial_rivers_large_a,
          chequers_serial_rivers_micro_a, kennysheep_pointless_box,
          nrook_loot_triangle
D:3:      layout_basic, gammafunk_ghost_grave, minmay_goblin_kobold_house
D:4:      layout_loops_ring, elyvilon_altar_3,
          minmay_temple_entry_statues_fountains, hex_medium, uniq_pikel
D:5:      minmay_skewed_foursquare, layout_loops_corners, uniq_duvessa
D:6:      layout_basic
D:7:      layout_layer_cave, minmay_misc_feat_plants, uniq_menkaure
D:8:      layout_loops_corners, gammafunk_temple_overflow_statue, uniq_joseph,
          uniq_maggie, uniq_psyche
D:9:      layout_stronghold, mainiacjoe_overflow_alcove_2, uniq_erolcha
D:10:     layout_loops_corners, minmay_orc_entry_guard_dogs
D:11:     layout_irregular_city, lair_entry_dummy,
          portal_ice_cave_entry_pillars_2, uniq_urug, uniq_grum, uniq_maurice
Temple:   compressed_dpeg_circular_temple
Lair:1:   layout_gridlike
Lair:2:   layout_gridlike, minmay_snake_entry_six_corridors

Skill      XL: |  1  2  3  4  5  6  7  8  9 10 11 |
---------------+----------------------------------+-----
Spellcasting   | 3 4 5 7 9 10 12 13 | 13.6
Short Blades   | 1 |  1.0
Fighting       | 1 2 3 |  3.3
Dodging        | 2 3 4 |  4.0
Stealth        | 2 3 4 |  4.1
Conjurations   | 5 6 7 8 9 |  9.7
Translocations | 2 3 4 5 |  5.0
Maces & Flails | 1 |  1.3
Earth Magic    | 2 |  2.4
Air Magic      | 2 |  2.3

Action                   |  1- 3 |  4- 6 |  7- 9 | 10-12 || total
-------------------------+-------+-------+-------+-------++-------
Melee: Short sword       |     2 |     5 |       |       ||     7
       Dagger            |       |     2 |       |       ||     2
       Whip              |       |     7 |    13 |    20 ||    40
       Tailslap          |       |       |       |     2 ||     2
 Cast: Magic Dart        |    80 |   175 |   185 |   123 ||   563
       Searing Ray       |       |    11 |    45 |    29 ||    85
       Iskenderun's Myst |       |       |    17 |    72 ||    89
       Stone Arrow       |       |       |       |    81 ||    81
       Airstrike         |       |       |       |     8 ||     8
       Sticky Flame      |       |       |       |     6 ||     6
  Use: Potion            |       |     3 |     1 |     1 ||     5
       Scroll            |       |       |    22 |     2 ||    24
Armor: Skin              |       |    19 |    26 |    42 ||    87
Dodge: Dodged            |     6 |    42 |    64 |   104 ||   216

Table legend: (Time is in decaauts)
 A = Elapsed time spent in this place.
 B = Non-inter-level travel time spent in this place.
 C = Inter-level travel time spent in this place.
 D = Time resting spent in this place.
 E = Time spent auto-exploring this place.
 F = Levels seen in this place.
 G = Mean time per level.
                   A        B        C        D        E       F      G
               +--------+--------+--------+--------+--------+-----+--------+
         Total |  19353 |  18551 |    802 |   4147 |  12147 |  15 | 1290.2 |
       Dungeon |  17753 |  16980 |    773 |   3831 |  11146 |  11 | 1613.9 |
        Temple |     96 |     87 |      9 |      0 |     65 |   1 |   96.0 |
          Lair |   1196 |   1177 |     19 |    106 |    896 |   2 |  598.0 |
      Ice Cave |    305 |    305 |      0 |    210 |     40 |   1 |  305.0 |
               +--------+--------+--------+--------+--------+-----+--------+

Top non-repeatable levels by time:
     D:3: 1954 daAuts
    D:11: 1800 daAuts
     D:9: 1795 daAuts
     D:5: 1721 daAuts
     D:4: 1716 daAuts
    D:10: 1699 daAuts
     D:6: 1663 daAuts
     D:8: 1469 daAuts
     D:2: 1399 daAuts
     D:1: 1270 daAuts
     D:7: 1264 daAuts
  Lair:1: 1056 daAuts
   IceCv: 305 daAuts
  Lair:2: 139 daAuts
  Temple: 96 daAuts
